 Dungeon Crawl Stone Soup version 0.28.0-1-gb440e238dd (webtiles) character file.

Game seed: 606623462925917766

2027 bande the Cleaver (level 9, -6/56 HPs)
             Began as a Gargoyle Fighter on Feb 20, 2022.
             Mangled by a water moccasin (7 damage)
             ... on level 7 of the Dungeon.
             The game lasted 00:08:26 (6760 turns).

bande the Cleaver (Gargoyle Fighter)                Turns: 6760, Time: 00:08:27

Health: -6/56      AC: 23    Str: 16    XL:     9   Next: 23%
Magic:  9/9        EV:  9    Int:  9    God:
Gold:   548        SH: 11    Dex: 17    Spells: 8/8 levels left

rFire   . . .      SeeInvis .   a - +1 war axe
rCold   + . .      Faith    .   c - +0 buckler
rNeg    + . .      Spirit   .   i - +3 scale mail "Kitzaisi" {rC+ Will+ Str-4 Dex+4 Slay+2}
rPois   ∞          Reflect  +   v - +2 hat
rElec   +          Harm     .   m - +0 cloak
rCorr   .          Rampage  .   f - +0 pair of gloves
Will    +....                   k - +1 pair of boots
Stlth   ..........              n - amulet of reflection
HPRegen 0.18/turn               (no ring)
MPRegen 0.11/turn               (no ring)

@: no status effects
A: sickness immunity, AC +6, negative energy resistance 1, electricity
resistance, torment resistance 1, petrification resistance
a: no special abilities


You were on level 7 of the Dungeon.
You visited 1 branch of the dungeon, and saw 8 of its levels.
You also visited: Ossuary.

You collected 548 gold pieces.

Inventory:

Hand Weapons
 a - a +1 war axe (weapon)
 j - a +2 mace of protection
Armour
 c - a +0 buckler (worn)
 f - a +0 pair of gloves (worn)
 i - the +3 scale mail "Kitzaisi" (worn) {rC+ Will+ Str-4 Dex+4 Slay+2}
   (You found it on level 2 of the Dungeon)

   Str:       It affects your strength (-4).
   Dex:       It affects your dexterity (+4).
   Slay:      It affects your accuracy & damage with ranged weapons and melee
   (+2).
   rC:        It protects you from cold.
   Will:      It increases your willpower.
 k - a +1 pair of boots (worn)
 m - a +0 cloak (worn)
 v - a +2 hat (worn)
Jewellery
 n - an amulet of reflection (around neck)
 o - a ring of ice
 x - a ring of magical power
Wands
 r - a wand of paralysis (15)
 t - a wand of polymorph (12)
Scrolls
 e - a scroll of silence
 p - 3 scrolls of teleportation
 u - a scroll of enchant armour
Potions
 b - a potion of attraction {unknown}
 d - 2 potions of might
 g - a potion of mutation {unknown}
 h - 2 potions of curing {unknown}
 l - 2 potions of magic {unknown}
 q - a potion of ambrosia {unknown}
 s - a potion of resistance {unknown}
 w - a potion of brilliance {unknown}


   Skills:
 + Level 6.3 Fighting
 + Level 8.0 Axes
 + Level 6.2 Armour
 - Level 0.1 Dodging
 + Level 5.0 Shields
 * Level 2.1 Evocations


You had 8 spell levels left.
You didn't know any spells.
Your spell library contained the following spells:

 Spells                   Type           Power      Damage    Failure   Level
 Corpse Rot               Necr/Air       0%         N/A       94%         2
 Gell's Gravitas          Tloc           0%         N/A       99%         3
 Lesser Beckoning         Tloc           0%         N/A       99%         3
 Teleport Other           Tloc           0%         N/A       99%         3
 Dispel Undead            Necr           0%         3d6       100%        4
 Petrify                  Tmut/Erth      0%         N/A       100%        4
 Irradiate                Conj/Tmut      0%         3d13      100%        5
 Death Channel            Necr           0%         N/A       100%        6
 Sublimation of Blood     Necr           Unusable   N/A       N/A         2

Dungeon Overview and Level Annotations

Branches:
Dungeon (8/15)            Ossuary (visited)
 Temple: D:4-7         Lair: D:8-11

Altars:
Xom

Shops:
D:5 ?

Annotations:
D:7 Joseph


Innate Abilities, Weirdness & Mutations

You are immune to sickness and miasma.
Your stone body is resilient. (AC +6)
You are immune to poison.
You resist negative energy. (rN+)
You are resistant to electric shocks. (rElec)
You are resistant to unholy torment.
You are immune to petrification.


Message History

The gnoll hits you but does no damage. The gnoll closely misses you.
Joseph barely misses you.
The gnoll hits you from afar with a +0 spear.
You hit Joseph.
Joseph is almost dead.
You hit the wyvern but do no damage. You barely miss the water moccasin.
You closely miss the gnoll.
The water moccasin bites you but does no damage.
The wyvern bites you but does no damage.
The water moccasin closely misses you. You block the gnoll's attack.
You block the wyvern's attack. The gnoll barely misses you.
You block the gnoll's attack. Joseph barely misses you.
You hit Joseph.
Joseph is almost dead.
You hit the wyvern but do no damage. You miss the water moccasin.
You closely miss the gnoll. You block the wyvern's attack.
You block the water moccasin's attack. The gnoll barely misses you.
You block the gnoll's attack. Joseph hits you with a +3 quarterstaff.
The gnoll barely misses you. The wyvern barely misses you.
The water moccasin bites you but does no damage.
You hit Joseph but do no damage.
Joseph is almost dead.
You hit the gnoll. You closely miss the water moccasin.
You hit the wyvern but do no damage. You block the wyvern's attack.
The water moccasin barely misses you. The gnoll closely misses you.
The gnoll barely misses you. Joseph hits you but does no damage.
The gnoll hits you from afar with a +0 halberd!
* * * LOW HITPOINT WARNING * * *
You completely miss Joseph.
Joseph is almost dead.
You closely miss the gnoll. You closely miss the water moccasin.
You barely miss the wyvern. The wyvern barely misses you.
The water moccasin bites you but does no damage.
The gnoll hits you with a +0 flail!
* * * LOW HITPOINT WARNING * * *
You block the gnoll's attack.
The wyvern bites you but does no damage.
Joseph barely misses you. The gnoll hits you but does no damage.
The water moccasin bites you!
You die...

...#####.##.#........#
..... ##..##.....##...
#....#...###........#
#......#..#..##...# #
#..#####.........## #
#.........#
##........#.
##..g.†......
#..gS@@......
.....gl..:.#.##
...............
......##..#.....
...... #..#.#... .....
#....#... .... .... ..
/.. #....


You could see Joseph, a water moccasin, a wyvern and 3 gnolls.

Vanquished Creatures
  Pikel (D:4)
  A hornet (D:8)
  3 water moccasins
  2 black bears
  An ogre (D:6)
  2 lemures (D:4)
  An elf zombie (Ossuary)
  A scorpion (D:5)
  A centaur zombie (D:8)
  A jelly (D:4)
  A hound (D:7)
  3 orc priests
  Crazy Yiuf (D:3)
  2 human zombies (Ossuary)
  A bullfrog skeleton (D:5)
  A centaur skeleton (D:5)
  2 iguanas
  4 orc wizards
  A hound skeleton (D:5)
  2 mummies (Ossuary)
  8 adders
  A shadow imp (D:5)
  2 white imps
  3 worms
  A dart slug (D:3)
  11 orcs
  7 ball pythons
  3 endoplasms
  4 giant cockroaches
  5 goblins
  4 hobgoblins
  2 jackals (D:3)
  2 quokkas (D:3)
  3 bats
  A frilled lizard (D:1)
  4 gnoll zombies (Ossuary)
  2 goblin zombies (Ossuary)
  5 hobgoblin zombies (Ossuary)
  8 kobolds
  A rat (D:3)
109 creatures vanquished.

Vanquished Creatures (others)
  A plant (D:1)
1 creature vanquished.

Grand Total: 110 creatures vanquished

Notes
Turn   | Place    | Note
-------+----------+-------------------------------------------
     0 | D:1      | bande the Gargoyle Fighter began the quest for the Orb.
     0 | D:1      | Reached XP level 1. HP: 14/14 MP: 1/1
   338 | D:1      | Reached XP level 2. HP: 19/19 MP: 2/2
   357 | D:1      | Reached skill level 2 in Axes
   902 | D:1      | Found a faded altar of an unknown god.
  1034 | D:2      | Reached XP level 3. HP: 22/23 MP: 3/3
  1351 | D:2      | Identified the +3 scale mail "Kitzaisi" {rC+ Will+ Str-4
                  | Dex+4 Slay+2}
  1540 | D:2      | Identified the +2 ring mail of the Enchanted Forest {rC+
                  | Str+4 Dex+4}
  1745 | D:3      | Reached XP level 4. HP: 29/29 MP: 4/4
  1789 | D:3      | Noticed a water moccasin
  1804 | D:3      | Killed a water moccasin
  1805 | D:3      | Reached skill level 3 in Axes
  1805 | D:3      | Reached XP level 5. HP: 18/33 MP: 5/5
  2295 | D:3      | Noticed a water moccasin
  2305 | D:3      | Killed a water moccasin
  2306 | D:3      | Reached skill level 4 in Axes
  2306 | D:3      | Reached XP level 6. HP: 36/39 MP: 6/6
  2487 | D:3      | Found a runed translucent door.
  2488 | D:3      | Noticed Crazy Yiuf
  2494 | D:3      | Killed Crazy Yiuf
  2712 | D:4      | Noticed a black bear
  2721 | D:4      | Killed a black bear
  2722 | D:4      | Reached XP level 7. HP: 42/44 MP: 7/7
  2790 | D:4      | Reached skill level 5 in Axes
  2922 | D:4      | Found a shimmering altar of Xom.
  2923 | D:4      | Found a shimmering altar of Xom.
  2924 | D:4      | Found a shimmering altar of Xom.
  2924 | D:4      | Found a shimmering altar of Xom.
  2924 | D:4      | Found a shimmering altar of Xom.
  2926 | D:4      | Found a shimmering altar of Xom.
  3541 | D:4      | Identified the +11 hunting sling "Qatoicsu" {flame, rN+
                  | Int+3}
  3571 | D:4      | Reached skill level 5 in Armour
  3750 | D:4      | Noticed Pikel
  3774 | D:4      | Killed Pikel
  3775 | D:4      | Reached skill level 5 in Fighting
  3775 | D:4      | Reached skill level 6 in Axes
  3775 | D:4      | Reached XP level 8. HP: 22/50 MP: 8/8
  4110 | D:5      | Entered Level 5 of the Dungeon
  4207 | D:5      | Found a sand-covered staircase.
  4215 | Ossuary  | Entered an ossuary
  4770 | Ossuary  | Reached skill level 7 in Axes
  4903 | D:5      | Found Pynoish's Magic Scroll Shoppe.
  5555 | D:6      | Reached skill level 1 in Evocations
  5919 | D:6      | You fall into a shaft and drop 2 floors!
  5930 | D:8      | Reached XP level 9. HP: 51/55 MP: 9/9
  6094 | D:8      | Noticed a hornet
  6112 | D:8      | Killed a hornet
  6692 | D:8      | Reached skill level 8 in Axes
  6692 | D:8      | Reached skill level 5 in Shields
  6741 | D:7      | Noticed Joseph
  6760 | D:7      | HP: 1/56 [gnoll (7)]
  6760 | D:7      | Mangled by a water moccasin

Illustrated notes

Levels and vault maps discovered:
D:1:      evilmike_arrival_crescent, layout_rooms,
          chequers_ecumenical_altar_lobes, st_stairs_13, nicolae_wormholes
D:2:      layout_basic, minivault_24
D:3:      layout_basic, uniq_crazy_yiuf_cottage
D:4:      wander_river, layout_loops_ring, xom_redecorated, minivault_25,
          uniq_pikel
D:5:      layout_rooms, lightli_ossuary_entry_decrepit_ruins, serial_glass,
          glass_columns_b, glass_columns_b, serial_shops, shop, minivault_25
D:6:      layout_loops_ring, chequers_serial_rivers_small_3, uniq_edmund
D:7:      layout_cave_pools, minmay_temple_entry_statues_fountains,
          item_on_display_a, uniq_joseph
D:8:      layout_loops_cross, mainiacjoe_overflow_boulevard

Skill      XL: |  1  2  3  4  5  6  7  8  9 |
---------------+----------------------------+-----
Axes           | 2 3 4 6 7 8 |  8.0
Armour         | 4 5 6 |  6.2
Fighting       | 4 5 6 |  6.3
Shields        | 4 5 |  5.0
Evocations     | 1 2 |  2.1
Dodging        | |  0.1

Action                   |  1- 3 |  4- 6 |  7- 9 || total
-------------------------+-------+-------+-------++-------
Melee: War axe           |    76 |    67 |   237 ||   380
  Use: Scroll            |     7 |       |     3 ||    10
Armor: Scale mail        |    42 |    58 |   166 ||   266
Dodge: Dodged            |    28 |    39 |   107 ||   174
Block: Buckler           |    20 |    18 |    99 ||   137
       Reflection        |       |       |     1 ||     1
